 Dungeon Crawl Stone Soup version 0.20.0-8-g6b59dc7 (webtiles) character file.

110 Peloso the Covered (level 4, -13/40 HPs)
             Began as a Minotaur Fighter on May 31, 2017.
             Was an Initiate of Okawaru.
             Killed by divine providence
             ... invoked by an orc priest
              (15 damage)
             ... on level 3 of the Dungeon.
             The game lasted 00:04:22 (2216 turns).

Peloso the Covered (Minotaur Fighter)               Turns: 2216, Time: 00:04:24

Health: -13/40     AC: 13    Str: 21    XL:     4   Next: 61%
Magic:  3/3        EV:  4    Int:  5    God:    Okawaru [......]
Gold:   111        SH:  9    Dex: 10    Spells: 3/3 levels left

rFire    . . .     SeeInvis .   a - +0 long sword
rCold    . . .     Gourm    .   c - +0 shield
rNeg     . . .     Faith    .   u - +0 plate armour
rPois    .         Spirit   .   (helmet restricted)
rElec    .         Reflect  .   (no cloak)
rCorr    .         Harm     .   (no gloves)
MR       .....                  (no boots)
Stlth    ..........             (no amulet)
Regen    0.2/turn               (no ring)
MPRegen  0.1/turn               (no ring)

@: no status effects
A: retaliatory headbutt, horns 2, talons 1, blink, shaggy fur 1, MP-powered
wands
a: Blink, Renounce Religion


You were on level 3 of the Dungeon.
You worshipped Okawaru.
Okawaru was noncommittal.
You were not hungry.

You visited 1 branch of the dungeon, and saw 3 of its levels.

You collected 111 gold pieces.

Inventory:

Hand Weapons
 a - a +0 long sword (weapon)
Armour
 b - a +0 scale mail
 c - a +0 shield (worn)
 k - a +0 chain mail
 u - a +0 plate armour (worn)
Scrolls
 g - 3 scrolls of remove curse {unknown}
 h - 2 scrolls of enchant weapon {unknown}
 j - 3 scrolls of identify {unknown}
 o - a scroll of fog {unknown}
 p - a scroll of noise {unknown}
 r - a scroll of enchant armour {unknown}
Potions
 d - a potion of might
 e - a potion of mutation
 i - 2 potions of haste {unknown}
 n - 3 potions of curing {unknown}
 s - a potion of flight {unknown}
Books
 q - a book of Cantrips

   Spells                             Type                      Level
   a - Confusing Touch                Hexes                        1
   b - Animate Skeleton               Necromancy                   1
   c - Summon Small Mammal            Summoning                    1
   d - Apportation                    Translocation                1
Comestibles
 f - 5 bread rations
 l - 3 meat rations
 m - 4 fruits
 t - 4 chunks of flesh


   Skills:
 + Level 4.1 Fighting
 + Level 4.0 Long Blades
 + Level 4.5 Armour
 + Level 0.4 Dodging
 + Level 0.1 Stealth
 + Level 4.3 Shields


You had 3 spell levels left.
You didn't know any spells.

Dungeon Overview and Level Annotations

Branches:
Dungeon (3/15)

Altars:
Gozag
Kikubaaqudgha
Okawaru
Xom


Innate Abilities, Weirdness & Mutations

You reflexively headbutt those who attack you in melee.
You have a pair of horns on your head.
You have sharp toenails.
You can translocate small distances at will.
You are covered in fur. (AC +1)
You expend magic power (3 MP) to strengthen your wands.


Message History

The orc priest invokes the aid of Beogh against you.
Beogh smites you!
A hobgoblin comes into view.
The hobgoblin shouts!
You hit the orc.
The orc is heavily wounded.
The rat bites you.
The orc priest calls down the wrath of Beogh upon you.
Beogh smites you!
* * * LOW HITPOINT WARNING * * *
The orc priest looks braver for a moment.
Unknown command.
It was a potion of mutation.
You feel extremely strange.
Your toenails lengthen and sharpen.
You feel jittery.
You feel your magical essence link to your wands.
Fur sprouts all over your body. You block the orc's attack.
You block the rat's attack.
The orc priest mumbles some strange prayers to Beogh against you.
Beogh smites you!
You die...

#.#.#.# #. #.#.#.#
###. ### #.#.#.#
......# #.....#
##...#.# ###.### #...
..#########.# #..
#.##........#
##.###r##.##.########
(.ogooo@.....#
##.######.#### ...#
#####


You could see 2 orc priests, 2 orcs, a hobgoblin and a rat.

Vanquished Creatures
  5 adders
  An ooze (D:2)
  A worm (D:2)
  2 dart slugs (D:3)
  3 leopard geckos
  2 orcs (D:3)
  3 ball pythons
  6 goblins
  7 hobgoblins
  2 jackals (D:1)
  A quokka (D:2)
  2 bats
  6 frilled lizards
  6 kobolds
  7 rats
54 creatures vanquished.

Notes
Turn   | Place    | Note
-------+----------+-------------------------------------------
     0 | D:1      | Peloso the Minotaur Fighter began the quest for the Orb.
     0 | D:1      | Reached XP level 1. HP: 19/19 MP: 0/0
   290 | D:1      | Reached XP level 2. HP: 26/27 MP: 1/1
   718 | D:2      | Reached XP level 3. HP: 29/33 MP: 2/2
   904 | D:2      | Found an iron altar of Okawaru.
   905 | D:2      | Found a shimmering altar of Xom.
   905 | D:2      | Found an opulent altar of Gozag.
   924 | D:2      | Became a worshipper of Warmaster Okawaru
  1227 | D:2      | Found an ancient bone altar of Kikubaaqudgha.
  1476 | D:2      | Reached XP level 4. HP: 39/40 MP: 3/3
  2215 | D:3      | HP: 1/40 [orc priest/divine providence (13)]
  2216 | D:3      | Gained mutation: You have sharp toenails. [potion of mutation]
  2216 | D:3      | Gained mutation: You can translocate small distances at will. [potion of mutation]
  2216 | D:3      | Gained mutation: You expend magic power (3 MP) to strengthen your wands. [potion of mutation]
  2216 | D:3      | Gained mutation: You are covered in fur. (AC +1) [potion of mutation]
  2216 | D:3      | Killed from afar by an orc priest

Skill      XL: |  1  2  3  4 |
---------------+-------------+-----
Shields        | 4 |  4.3
Armour         | 4 |  4.5
Long Blades    | 3 4 |  4.0
Fighting       | 4 |  4.1
Dodging        | |  0.4
Stealth        | |  0.1

Action                   |  1- 3 |  4- 6 || total
-------------------------+-------+-------++-------
Melee: Long sword        |   103 |    49 ||   152
       Headbutt          |     6 |     7 ||    13
  Use: Potion            |       |     1 ||     1
  Eat: Chunk             |     1 |     3 ||     4
Armor: Scale mail        |    14 |       ||    14
       Chain mail        |    28 |    25 ||    53
       Plate armour      |       |     3 ||     3
Dodge: Dodged            |    20 |     8 ||    28
Block: Shield            |    53 |    30 ||    83
       Rpst.: Long sword |     6 |     2 ||     8
